 Dungeon Sprint DCSS version 0.31-a0-66-ge618eeaa78 (webtiles) character file.

Game seed: 222979324986421237

1789 fozzywoppz the Cleaver (level 8, -9/79 HPs)
             Began as a Minotaur Fighter on May 22, 2023.
             Was a Follower of Qazlal.
             Mangled by a deep troll (14 damage)
             ... in the Dungeon (Sprint I: "Red Sonja").
             The game lasted 00:03:46 (609 turns).

fozzywoppz the Cleaver (Minotaur Fighter)            Turns: 609, Time: 00:03:47

Health: -9/79      AC:  8    Str: 22    XL:     8   Next: 82%
Magic:  12/12      EV: 13    Int:  5    God:    Qazlal [*.....]
Gold:   98         SH:  7    Dex: 11    Spells: 7/7 levels left

rFire   . . .        a - +0 war axe
rCold   . . .        c - +0 buckler
rNeg    . . .        b - +0 scale mail
rPois   .            (helmet restricted)
rElec   .            (no cloak)
rCorr   .            (no gloves)
SInv    .            (no boots)
Will    .....        (no amulet) Stlth
                     (no ring)
HPRegen 0.33/turn    (no ring)
MPRegen 0.13/turn

%: no teleportation
@: no status effects
A: horns 2, retaliatory headbutt
a: Renounce Religion


You were in the Dungeon.
You worshipped Qazlal.
Qazlal was aware of your devotion.
You visited 1 branch You collected 537 gold pieces.
You spent 439 gold pieces at shops.

Inventory:

Hand Weapons
 a - a +0 war axe (weapon)
Armour
 b - a +0 scale mail (worn)
 c - a +0 buckler (worn)
Wands
 k - a wand of flame (3)
Scrolls
 j - 2 scrolls of blinking
 l - a scroll of immolation
 m - a scroll of identify
Potions
 d - 2 potions of might
 e - a potion of curing
 g - a potion of haste
 h - 2 potions of magic


   Skills:
 - Level 10.0 Fighting
 + Level 14.1 Axes
 + Level 10.3 Armour
 + Level 9.2 Dodging
 - Level 6.0 Shields
 + Level 6.8 Invocations


You had 7 spell levels left.
You didn't know any spells.
Your spell library was empty.

Dungeon Overview and Level Annotations

Branches:
Dungeon (1/1)

Altars:
Cheibriados
Dithmenos
Elyvilon
Fedhas
Gozag
Hepliaklqana
Kikubaaqudgha
Makhleb
Nemelex Xobeh
Okawaru
Qazlal
Ru
Sif Muna
Trog
Uskayaw
Vehumet
Wu Jian
Xom
Yredelemnul
Zin
The Shining One
Jiyva
Lugonu

Shops:
D *?


Innate Abilities, Weirdness & Mutations

You have a pair of horns on your head.
You reflexively headbutt those who attack you in melee.


Message History

You headbutt the deep troll. You block the deep troll's attack.
The deep troll claws you!
You closely miss the deep troll.
The deep troll is moderately wounded.
You block the deep troll's attack. The deep troll closely misses you.
The deep troll claws you but does no damage.
You barely miss the deep troll.
The deep troll is moderately wounded.
The deep troll barely misses you. The deep troll claws you!
The deep troll claws you but does no damage.
You closely miss the deep troll.
You headbutt the deep troll, but do no damage.
The deep troll is moderately wounded.
You closely miss the deep troll. Your headbutt misses the deep troll.
The deep troll is moderately wounded.
You block the deep troll's attack. The deep troll claws you.
The deep troll misses you.
You hit the deep troll but do no damage.
You headbutt the deep troll!
The deep troll is heavily wounded.
The deep troll bites you.
The deep troll claws you but does no damage.
The deep troll claws you.
You slash the deep troll! Your headbutt misses the deep troll.
The deep troll is severely wounded.
The deep troll bites you! The deep troll claws you.
* * * LOW HITPOINT WARNING * * *
You block the deep troll's attack.
You barely miss the deep troll.
The deep troll is severely wounded.
The deep troll bites you but does no damage.
The deep troll claws you.
* * * LOW HITPOINT WARNING * * *
The deep troll claws you!
* * * LOW HITPOINT WARNING * * *
Okay, then.
There is an open door here.
The deep troll attacks as you move away!
The deep troll bites you!
You die...

#<.#..').#.)'..#__#..')..#
#..').#..'..#..'..'..#)..#
#..#####'#####'#__####...+
#..####..#...#.#### #####
#..#__####.)##)#
#..#_____##'#_.+
#⌠⌠#_.∩...'..._#
####_..__##_.#'#
#_____###@#.#
############T####+###
#∩........'...'$$.$$+
###++++####.§.#######
##.## #+#


You could see a deep troll.

Vanquished Creatures
  Sonja (D)
  2 kobold demonologists (D)
  A slime creature (D)
  Sigmund (D)
  A yak (D)
  A floating eye (D)
  An ogre (D)
  A jelly (D)
  Ijyb (D)
10 creatures vanquished.

Notes
Turn   | Place    | Note
-------+----------+-------------------------------------------
     0 | D        | fozzywoppz the Minotaur Fighter began the quest for the
                  | Orb.
     0 | D        | Reached XP level 1. HP: 19/19 MP: 0/0
     1 | D        | Noticed Ijyb
     7 | D        | Killed Ijyb
     8 | D        | Reached skill level 5 in Fighting
     8 | D        | Reached skill level 4 in Axes
     8 | D        | Reached skill level 5 in Armour
     8 | D        | Reached skill level 5 in Shields
     8 | D        | Reached XP level 2. HP: 17/29 MP: 1/1
    60 | D        | Noticed an ogre
    64 | D        | Killed an ogre
    65 | D        | Reached skill level 5 in Axes
    65 | D        | Reached XP level 3. HP: 36/39 MP: 2/2
    65 | D        | Reached XP level 4. HP: 44/47 MP: 3/3
    67 | D        | Noticed Sigmund
    72 | D        | Killed Sigmund
    73 | D        | Reached skill level 10 in Fighting
    73 | D        | Reached skill level 9 in Axes
    73 | D        | Reached XP level 5. HP: 41/58 MP: 4/4
   131 | D        | Found an ornate altar of the Wu Jian Council.
   131 | D        | Found a shimmering blue altar of Sif Muna.
   137 | D        | Reached skill level 10 in Axes
   137 | D        | Reached XP level 6. HP: 65/66 MP: 5/5
   137 | D        | Found a radiant altar of Vehumet.
   158 | D        | Found Ythuuxoa's Magic Scroll Emporium.
   158 | D        | Found an ancient bone altar of Kikubaaqudgha.
   158 | D        | Found a hazy altar of Hepliaklqana.
   158 | D        | Found a stormy altar of Qazlal.
   158 | D        | Found a hide-covered altar of Uskayaw.
   158 | D        | Found a blossoming altar of Fedhas.
   158 | D        | Found a bloodstained altar of Trog.
   158 | D        | Found an iron altar of Okawaru.
   158 | D        | Found a basalt altar of Yredelemnul.
   158 | D        | Found a glowing golden altar of the Shining One.
   158 | D        | Found a snail-covered altar of Cheibriados.
   158 | D        | Found a sacrificial altar of Ru.
   158 | D        | Found a glowing silver altar of Zin.
   158 | D        | Found a shadowy altar of Dithmenos.
   158 | D        | Found a white marble altar of Elyvilon.
   158 | D        | Noticed a yak
   162 | D        | Killed a yak
   163 | D        | Reached skill level 11 in Axes
   163 | D        | Reached skill level 5 in Dodging
   163 | D        | Found an opulent altar of Gozag.
   164 | D        | Found a sparkling altar of Nemelex Xobeh.
   168 | D        | Bought a scroll of blinking for 97 gold pieces
   168 | D        | Bought a scroll of immolation for 52 gold pieces
   168 | D        | Bought a scroll of identify for 26 gold pieces
   172 | D        | Became a worshipper of Qazlal Stormbringer
   189 | D        | Found a viscous altar of Jiyva.
   189 | D        | Found a corrupted altar of Lugonu.
   189 | D        | Noticed a slime creature
   190 | D        | Found a burning altar of Makhleb.
   190 | D        | Found a shimmering altar of Xom.
   200 | D        | Killed a slime creature
   201 | D        | Reached skill level 12 in Axes
   201 | D        | Reached XP level 7. HP: 24/72 MP: 5/7
   370 | D        | Noticed Sonja
   385 | D        | Killed Sonja
   386 | D        | Reached skill level 13 in Axes
   386 | D        | Reached skill level 5 in Invocations
   386 | D        | Reached XP level 8. HP: 10/79 MP: 7/10
   429 | D        | Noticed a kobold demonologist
   430 | D        | Noticed a kobold demonologist
   431 | D        | Paralysed by a floating eye for 3 turns
   436 | D        | Reached * piety under Qazlal
   442 | D        | Killed a kobold demonologist
   452 | D        | Killed a kobold demonologist
   453 | D        | Reached skill level 14 in Axes
   453 | D        | Reached skill level 10 in Armour
   574 | D        | Found Azaozekep's Assorted Antiques.
   582 | D        | Bought 2 potions of might for 264 gold pieces
   594 | D        | Noticed a deep troll
   609 | D        | Mangled by a deep troll

Illustrated notes

Levels and vault maps discovered:
D:        dungeon_sprint_1 [red_sonja_temple_1, red_sonja_temple_small_1]

Skill      XL: |  1  2  3  4  5  6  7  8 |
---------------+-------------------------+-----
Fighting       | 5 7 10 | 10.0
Axes           | 4 5 9 10 12 13 14 | 14.1
Armour         | 5 6 8 10 | 10.3
Shields        | 5 6 |  6.0
Dodging        | 6 7 9 |  9.2
Invocations    | 2 5 6 |  6.8

Action                     |  1- 3 |  4- 6 |  7- 9 || total
---------------------------+-------+-------+-------++-------
  Melee: War axe           |     9 |    16 |    34 ||    59
         Headbutt          |     4 |     6 |     7 ||    17
  Evoke: Wand              |       |       |     1 ||     1
    Use: Potion            |       |       |     3 ||     3
 Armour: Scale mail        |       |     3 |    20 ||    23
  Dodge: Dodged            |     4 |     3 |    20 ||    27
  Block: Buckler           |       |       |    17 ||    17

Table legend: (Time is in decaauts)
 A = Elapsed time spent in this place.
 B = Non-inter-level travel time spent in this place.
 C = Inter-level travel time spent in this place.
 D = Time resting spent in this place.
 E = Time spent auto-exploring this place.
 F = Levels seen in this place.
 G = Mean time per level.
                   A        B        C        D        E       F      G
               +--------+--------+--------+--------+--------+-----+--------+
         Total |    618 |    618 |      0 |    347 |      0 |   1 |  618.0 |
       Dungeon |    618 |    618 |      0 |    347 |      0 |   1 |  618.0 |
               +--------+--------+--------+--------+--------+-----+--------+

Top non-repeatable levels by time:
       D: 618 daAuts
